 Dungeon Crawl Stone Soup version 0.28.0 (webtiles) character file.

Game seed: 10723890898925517671

102 Strat the Skirmisher (level 4, -6/39 HPs)
             Began as a Palentonga Hunter on Feb 17, 2022.
             Mangled by an iguana (8 damage)
             ... on level 3 of the Dungeon.
             The game lasted 00:03:58 (2864 turns).

Strat the Skirmisher (Palentonga Hunter)            Turns: 2864, Time: 00:03:58

Health: -6/39      AC:  6    Str: 17    XL:     4   Next: 50%
Magic:  4/4        EV:  7    Int: 11    God:
Gold:   133        SH:  0    Dex: 11    Spells: 3/3 levels left

rFire   . . .      SeeInvis +   b - +0 flail (holy)
rCold   . . .      Faith    .   (no shield)
rNeg    . . .      Spirit   .   g - +0 scale mail
rPois   .          Reflect  .   (no helmet)
rElec   .          Harm     .   (no cloak)
rCorr   .          Rampage  .   (no gloves)
Will    .....                   (no barding)
Stlth   ..........              (no amulet)
HPRegen 0.13/turn               (no ring)
MPRegen 0.09/turn               (no ring)

@: brilliant, attractive
A: large, rugged brown scales 3, see invisible, deformed body, roll 1, armoured
tail
a: Rolling Charge


You were on level 3 of the Dungeon.
You visited 1 branch of the dungeon, and saw 3 of its levels.

You collected 133 gold pieces.

Inventory:

Hand Weapons
 a - a +1 hunting sling
 b - a +0 flail of holy wrath (weapon)
 p - a +0 short sword
Missiles
 d - 18 sling bullets
 e - 35 stones (quivered)
 i - 3 curare-tipped darts
Armour
 c - a +0 leather armour
 g - a +0 scale mail (worn)
Wands
 o - a wand of flame (12)
Scrolls
 f - a scroll of fog {unknown}
 h - a scroll of vulnerability {unknown}
 l - 2 scrolls of teleportation {unknown}
 n - a scroll of identify {unknown}
Potions
 j - a potion of brilliance
 m - a potion of magic {unknown}


   Skills:
 + Level 3.9 Fighting
 - Level 2.9 Slings
 + Level 2.0 Armour
 - Level 1.5 Dodging
 - Level 0.5 Stealth


You had 3 spell levels left.
You didn't know any spells.
Your spell library contained the following spells:

 Spells                   Type           Power      Damage    Failure   Level
 Apportation              Tloc           0%         N/A       77%         1
 Alistair's Intoxication  Tmut/Pois      0%         N/A       100%        5


Dungeon Overview and Level Annotations

Branches:
Dungeon (3/15)

Altars:
Makhleb
Qazlal


Innate Abilities, Weirdness & Mutations

You are completely covered in rugged brown scales. (AC +3, +7% HP)
You have supernaturally acute eyesight. (SInv)
Armour fits poorly on your strangely shaped body.
You can roll at nearby foes to attack.
You have a long armoured tail.


Message History

p - a +0 flail of holy wrath Adjust to which letter? (? for menu, Esc to quit)
b - a +0 flail of holy wrath;
p - a +0 short sword (weapon)
a - a +1 hunting sling (weapon)
e - 35 stones (gained 2)
An iguana comes into view.
The iguana hisses angrily.
Your +0 flail of holy wrath softly glows with a divine radiance!
b - a +0 flail of holy wrath (weapon)
You hit the iguana but do no damage.
The iguana bites you but does no damage.
You closely miss the iguana. The iguana bites you.
You hit the iguana.
The iguana is lightly wounded.
The iguana bites you but does no damage.
The iguana bites you.
You completely miss the iguana.
The iguana is lightly wounded.
The iguana bites you.
* * * LOW HITPOINT WARNING * * *
You are too injured to fight recklessly!
You hit the iguana but do no damage. You tail-slap the iguana.
The iguana is moderately wounded.
The iguana bites you.
* * * LOW HITPOINT WARNING * * *
You completely miss the iguana. You tail-slap the iguana.
The iguana is heavily wounded.
The iguana bites you.
* * * LOW HITPOINT WARNING * * *
The iguana bites you!
* * * LOW HITPOINT WARNING * * *
Okay, then.
It was a potion of brilliance.
You feel clever all of a sudden. The iguana bites you.
* * * LOW HITPOINT WARNING * * *
It was a potion of attraction.
You feel attractive to monsters. The iguana bites you!
You die...

.......... #.#
.........≈ #.#
§§§.....≈≈ #.#
§.≈....≈≈≈ #.#
§.§....≈≈ #.# ..#
§.....≈≈#####.#####
≈.#
§...<.≈≈#.........#
≈.#
......≈###.#####.##
≈.# ......≈#...#
#@## ≈.#
.#....≈##..#
##l##≈.#
.......#.#.#
##.#..#
#.......#### ##...#
...>....# #...#
.........≈≈ ....#
.#.........≈ ..#.##
.##.......... ...
.# #####........
.... ##


You could see an iguana.

Vanquished Creatures
  4 adders
  2 dart slugs
  3 orcs (D:3)
  8 ball pythons
  4 bats
  4 endoplasms
  2 giant cockroaches
  2 hobgoblins
  2 jackals (D:1)
  3 quokkas
  2 frilled lizards
  9 goblins
  5 kobolds
  7 rats
57 creatures vanquished.

Notes
Turn   | Place    | Note
-------+----------+-------------------------------------------
     0 | D:1      | Strat the Palentonga Hunter began the quest for the Orb.
     0 | D:1      | Reached XP level 1. HP: 17/17 MP: 1/1
   218 | D:1      | Reached XP level 2. HP: 22/24 MP: 2/2
   451 | D:1      | Reached skill level 3 in Fighting
  1162 | D:2      | Reached skill level 1 in Armour
  1162 | D:2      | Reached XP level 3. HP: 23/31 MP: 3/3
  2083 | D:2      | Found a faded altar of an unknown god.
  2263 | D:3      | Found a burning altar of Makhleb.
  2265 | D:3      | Found a stormy altar of Qazlal.
  2293 | D:3      | Reached XP level 4. HP: 36/38 MP: 4/4
  2864 | D:3      | Mangled by an iguana

Illustrated notes

Levels and vault maps discovered:
D:1:      mrwooster_arrival_arrow, layout_basic
D:2:      layout_loops_ring, chequers_ecumenical_altar_grove
D:3:      layout_rooms, nicolae_qazlal_scattered_showers, bloody_makhleb,
          grunt_decor_junction

Skill      XL: |  1  2  3  4 |
---------------+-------------+-----
Fighting       | 3 |  3.9
Armour         | 1 2 |  2.0
Slings         | |  2.9
Dodging        | |  1.5
Stealth        | |  0.5

Action                   |  1- 3 |  4- 6 || total
-------------------------+-------+-------++-------
Melee: Short sword       |    91 |    17 ||   108
       Tailslap          |    17 |     4 ||    21
       Punch             |     1 |     1 ||     2
       Flail             |       |     6 ||     6
 Fire: Hunting sling     |    20 |    29 ||    49
  Use: Potion            |       |     2 ||     2
Armor: Leather armour    |     8 |       ||     8
       Scale mail        |    44 |     9 ||    53
Dodge: Dodged            |    43 |     8 ||    51
